AoeStats
← 7800X3D-你高贵

Arena

507911072Analyzed
4v4 RM · 27d ago on Sep 20, 2026· 58m 55s· 8 players
Game mode
Random Map
Map size
Large (8 player)
Population
200
Speed
Normal
Resources
Standard
Victory
Conquest
Starting age
Dark Age
Ending age
Imperial Age
RankedLock teamsTeams togetherTeam positionsShared explorationLock speedFull tech treeHidden civsTurbo modeCheats
Victory
Defeat
🇨🇳 Franks · China
933
+7
🇦🇺 Spanish · Australia
862
+10
🇮🇹 Mongols · Italy
525
+23
🇺🇸 Romans · United States
446
+25
vs
🇻🇳 Bohemians · Vietnam
766
-19
🇹🇼 Japanese · Taiwan
739
-18
🇯🇵 Franks · Japan
682
-16
🇨🇳 Persians · China
602
-12
店長
3:51 Loom
10:41 Feudal Age
17:48 Castle Age
16:09 Double-Bit Axe
17:20 Scale Barding Armor
18:21 Forging
19:57 Husbandry
20:39 Wheelbarrow
19:54 Light Cavalry
25:08 Hand Cart
28:48 Chain Barding Armor
29:58 Bow Saw
31:15 Town Watch
34:54 Imperial Age
33:54 Iron Casting
34:30 Fletching
35:36 Stone Mining
35:36 Gold Mining
36:15 Chivalry
36:36 Conscription
36:18 Cavalier
38:40 Blast Furnace
38:16 Plate Barding Armor
37:06 Pikeman
37:47 Squires
37:33 Gambesons
38:01 Halberdier
38:27 Arson
38:46 Scale Mail Armor
38:48 Paladin
40:49 Padded Archer Armor
44:29 Chain Mail Armor
44:55 Fortified Wall
46:48 Coinage
47:30 Banking
47:39 Gold Shaft Mining
陶藝外勞-烏鴉
1:48 Loom
10:34 Feudal Age
11:02 Horse Collar
11:11 Double-Bit Axe
18:06 Castle Age
16:04 Town Watch
16:54 Horse Collar
17:44 Fletching
18:16 Gold Mining
19:54 Town Patrol
20:30 Wheelbarrow
25:28 Scale Mail Armor
25:51 Ballistics
27:40 Yasama
28:43 Ballistics
28:50 Murder Holes
32:15 Stone Mining
36:58 Imperial Age
35:52 Forging
36:23 Treadmill Crane
37:00 Masonry
38:43 Bloodlines
37:57 Light Cavalry
41:54 Gold Mining
43:29 Ballistics
46:25 Hand Cart
51:12 Treadmill Crane
55:19 Heavy Plow
7800X3D-你高贵
0:53 Loom
11:17 Feudal Age
11:38 Horse Collar
11:48 Double-Bit Axe
12:49 Wheelbarrow
17:20 Gold Mining
17:21 Stone Mining
23:42 Castle Age
22:28 Bloodlines
22:25 Scale Barding Armor
22:33 Forging
22:19 Arson
24:40 Hand Cart
24:28 Husbandry
23:55 Light Cavalry
24:35 Husbandry
24:58 Chain Barding Armor
28:21 Iron Casting
28:52 Caravan
29:22 Coinage
34:06 Gold Shaft Mining
34:06 Stone Shaft Mining
35:13 Heavy Plow
37:45 Imperial Age
36:52 Bow Saw
39:00 Stone Shaft Mining
39:33 Blast Furnace
39:09 Plate Barding Armor
37:58 Cavalier
39:56 Hussar
41:16 Savar
41:32 Savar
43:05 Scale Mail Armor
43:59 Pikeman
44:40 Squires
44:26 Gambesons
46:22 Halberdier
48:15 Chain Mail Armor
47:54 Heavy Camel Rider
54:24 Citadels
luke_the_black_cat
9:56 Feudal Age
15:29 Castle Age
13:44 Double-Bit Axe
25:19 Bow Saw
25:50 Fletching
25:31 Pikeman
31:24 Imperial Age
29:34 Bodkin Arrow
33:23 Chemistry
35:28 Bracer
35:29 Scale Mail Armor
35:40 Forging
35:37 Loom
37:13 Wheelbarrow
36:29 Halberdier
40:23 Wagenburg Tactics
42:57 Chain Mail Armor
43:19 Iron Casting
46:58 Plate Mail Armor
47:29 Blast Furnace
50:30 Two-Man Saw
52:01 Houfnice
57:18 Onager
58:02 Murder Holes
EPYON182
1:05 Loom
11:54 Feudal Age
13:46 Wheelbarrow
13:04 Town Watch
13:57 Man-at-Arms
16:16 Horse Collar
17:16 Scale Mail Armor
17:28 Forging
18:07 Double-Bit Axe
Gneisenau HK
11:43 Feudal Age
12:45 Horse Collar
13:02 Loom
15:50 Castle Age
17:33 Double-Bit Axe
18:38 Bow Saw
21:05 Forging
21:00 Scale Barding Armor
31:59 Wheelbarrow
31:46 Heavy Plow
37:24 Imperial Age
36:21 Iron Casting
36:06 Chain Barding Armor
35:48 Fletching
36:37 Hand Cart
37:35 Chain Barding Armor
37:18 Husbandry
37:28 Bloodlines
37:46 Redemption
38:48 Conscription
38:48 Elite Conquistador
40:50 Plate Barding Armor
41:15 Blast Furnace
42:51 Gold Mining
44:27 Ballistics
45:07 Chemistry
44:40 Bloodlines
47:54 Illumination
48:06 Theocracy
47:53 Sanctity
47:44 Fervor
50:01 Inquisition
51:40 Block Printing
56:12 Atonement
76561199017414489
10:53 Feudal Age
14:42 Castle Age
13:24 Double-Bit Axe
17:29 Bow Saw
27:46 Gold Mining
28:41 Husbandry
28:51 Scale Barding Armor
28:56 Forging
29:30 Gold Shaft Mining
32:28 Imperial Age
32:12 Chain Barding Armor
32:28 Iron Casting
32:34 Cavalier
33:55 Plate Barding Armor
34:20 Conscription
34:56 Wheelbarrow
34:09 Town Watch
34:08 Paladin
35:56 Blast Furnace
35:56 Hand Cart
Shutokayte
11:58 Feudal Age
11:47 Loom
12:53 Double-Bit Axe
12:54 Horse Collar
21:29 Castle Age
21:44 Town Watch
22:01 Stone Mining
24:16 Fletching
24:34 Scale Barding Armor
24:51 Bow Saw
24:44 Heavy Plow
26:06 Gold Mining
27:04 Caravan
27:31 Bodkin Arrow
28:41 Ballistics
33:51 Imperial Age
37:41 Chemistry
38:44 Town Patrol
39:20 Wheelbarrow
39:47 Bracer
39:49 Padded Archer Armor
40:13 Elite Steppe Lancer
40:56 Husbandry
40:24 Elite Mangudai
Connection lost

Rejoining the realm…

Still unreachable

The connection could not be restored.

Session expired

The server has moved on; the page needs a fresh start.